 Dungeon Crawl Stone Soup version 0.19-a0-1907-gcff654f (webtiles) character file.

48 Larett the Vandal (level 3, -12/36 HPs)
             Began as an Ogre Hunter on Oct 23, 2016.
             Killed from afar by a hobgoblin (18 damage)
             ... with an exploding inner flame
             ... led by Robin
             ... hexed by the player character
             ... on level 2 of the Dungeon.
             The game lasted 00:03:37 (1255 turns).

Larett the Vandal (Ogre Hunter)                     Turns: 1255, Time: 00:03:38

Health: -12/36     AC:  3    Str: 17    XL:     3   Next: 72%
Magic:  3/3        EV: 10    Int: 10    God:
Gold:   61         SH:  0    Dex: 11    Spells: 0 memorised, 2 levels left

rFire  . . .     SeeInvis .     a - +1 hunting sling
rCold  . . .     Gourm    .     c - +0 robe
rNeg   . . .     Faith    .     (no shield)
rPois  .         Spirit   .     (helmet restricted)
rElec  .         Reflect  .     (no cloak)
rCorr  .         Harm     .     (gloves unavailable)
MR     .....                    (boots unavailable)
Stlth  +.........               (no amulet)
                                (no ring)
                                (no ring)

@: no status effects
A: unfitting armour, tough skin 1
a: no special abilities


You were on level 2 of the Dungeon.
You were not hungry.

You visited 1 branch of the dungeon, and saw 2 of its levels.

You collected 61 gold pieces.

Inventory:

Hand Weapons
 a - a +1 hunting sling (weapon)
 b - a +0 short sword
Missiles
 d - 38 sling bullets
 e - 17 stones (quivered)
 i - 18 bolts
Armour
 c - a +0 robe (worn)
Jewellery
 k - a cursed ring of teleportation {unknown}
Comestibles
 f - a bread ration
 g - a chunk of flesh {@w1}
 h - a beef jerky


   Skills:
 - Level 2.6 Fighting
 + Level 4.0 Slings
 - Level 1.7 Dodging
 - Level 0.6 Stealth


You had 2 spell levels left.
You didn't know any spells.

Dungeon Overview and Level Annotations

Branches:
Dungeon (2/15)

Altars:

Annotations:
D:2 Robin


Innate Abilities, Weirdness & Mutations

You are too large for most types of armour.
You have tough skin. (AC +1)


Message History

The goblin hits you.
* * * LOW HITPOINT WARNING * * *
The hobgoblin hits you with a club.
* * * LOW HITPOINT WARNING * * *
Firing (i - inventory. (,) - cycle):
e - 18 stones (quivered)
Press: ? - help, Shift-Dir - straight line, f - Robin
Aim: Robin, wielding a dagger, wearing an animal skin and wearing a helmet (inner flame)
You shoot a stone. The stone closely misses the hobgoblin.
The stone hits the hobgoblin but does no damage.
The hobgoblin no longer looks unusually strong.
The goblin hits you.
* * * LOW HITPOINT WARNING * * *
Firing (i - inventory. (,) - cycle):
e - 17 stones (quivered)
Press: ? - help, Shift-Dir - straight line, f/p - Robin
Aim: Robin, wielding a dagger, wearing an animal skin and wearing a helmet (inner flame)
You shoot a stone. The stone hits the hobgoblin.
The hobgoblin explodes!
The fiery explosion engulfs you!
Ouch! That really hurt!
You die...

##.............#
#.....###
##.########...##
#.....#
...##.......#.#
#.....#
...##.#####.#.#
#.....#
##.#..........#
###...##
##.#.#######..#
##....## )....#
#.########....(#
.#.#.# #.#
#g.ggg..#........
.#...# #.#
#O###(g........##
...#.# #.# #.#
#......(##.#
.###.# #.# #§#
##......(. ..
.....#######.#
#§# ##...#(##. .
####......... #§#
#####.# #
########## ... g(
..# ..#


You could see Robin (inner flame), 2 hobgoblins and a goblin (inner flame).

Vanquished Creatures
  An adder (D:2)
  An ooze (D:2)
  2 dart slugs (D:1)
  A leopard gecko (D:1)
  2 giant cockroaches (D:1)
  4 goblins
  4 hobgoblins
  A quokka (D:2)
  A ball python (D:1)
  4 bats
  2 frilled lizards
  3 kobolds (D:2)
  4 rats
30 creatures vanquished.

Notes
Turn   | Place    | Note
-------+----------+-------------------------------------------
     0 | D:1      | Larett the Ogre Hunter began the quest for the Orb.
     0 | D:1      | Reached XP level 1. HP: 22/22 MP: 1/1
    35 | D:1      | Reached skill level 3 in Slings
   122 | D:1      | Reached XP level 2. HP: 17/29 MP: 2/2
   143 | D:1      | HP: 5/29 [leopard gecko (1)]
   143 | D:1      | HP: 1/29 [leopard gecko (4)]
  1080 | D:2      | Reached XP level 3. HP: 36/36 MP: 3/3
  1230 | D:2      | Noticed Robin
  1242 | D:2      | Reached skill level 4 in Slings
  1254 | D:2      | HP: 6/36 [goblin[Robin] (4)]
  1255 | D:2      | Killed from afar by a hobgoblin

Vault maps used:
D:1:      tarquinn_simple_flora_water_a
D:2:      uniq_robin

Skill      XL: |  1  2  3 |
---------------+----------+-----
Slings         | 3 4 |  4.0
Fighting       | |  2.6
Dodging        | |  1.7
Stealth        | |  0.6

Action                   || total
-------------------------++-------
Melee: Short sword       ||    21
 Fire: Hunting sling     ||    74
  Use: Scroll            ||     2
       Potion            ||     2
  Eat: Chunk             ||     1
Armor: Robe              ||    10
Dodge: Dodged            ||    23
